 Dungeon Crawl Stone Soup version 0.30-a0-279-g4b46babb21 (webtiles) character file.

Game seed: 17141413790027166371

55 Lanoc the Vexing (level 3, -5/15 HPs)
             Began as a Felid Enchanter on Oct 16, 2022.
             Was a High Priest of Ignis.
             Slain by an orc wizard
             ... wielding the +10 short sword "Ybuonaorr" {spect, rN+ Will+ Str+2}
              (9 damage)
             ... on level 3 of the Dungeon.
             The game lasted 00:07:06 (2459 turns).

Lanoc the Vexing (Felid Enchanter)                  Turns: 2459, Time: 00:07:06

Health: -5/15      AC:  1    Str:  4    XL:     3   Next: 67%
Magic:  3/7        EV: 18    Int: 18    God:    Ignis [*****.]
Gold:   147        SH:  0    Dex: 16    Spells: 4/6 levels left
                                        Lives:  0   Deaths: 1

rFire   + + .      SeeInvis +      - Unarmed
rCold   . . .      Faith    .    (shield unavailable)
rNeg    . . .      Spirit   .    (body armour unavailable)
rPois   +          Reflect  +    (helmet unavailable)
rElec   .          Harm     .    (cloak unavailable)
rCorr   .          Rampage  .    (gloves unavailable)
Will    .....                    (boots unavailable)
Stlth   +.........               e - amulet of reflection
HPRegen 0.22/turn                n - ring of poison resistance
MPRegen 0.10/turn                j - ring of protection from fire

@: confused, quick
A: very small, claws 1, fangs 3, see invisible, speed 1, shaggy fur 1, stealthy
paws, no weapons or thrown items, no armour, multi-lived
a: Renounce Religion, Fiery Armour, Foxfire Swarm, Rising Flame


You were on level 3 of the Dungeon.
You worshipped Ignis.
Ignis was extremely pleased with you.
You visited 1 branch of the dungeon, and saw 3 of its levels.

You collected 147 gold pieces.

Inventory:

Jewellery
 e - an amulet of reflection (around neck)
 f - a ring of resist corrosion
 g - a ring of positive energy
 j - a ring of protection from fire (right paw)
 n - a ring of poison resistance (left paw)
 r - an amulet of the acrobat
Wands
 s - a wand of roots (9)
Scrolls
 b - 2 scrolls of blinking {unknown}
 c - 3 scrolls of enchant weapon {unknown}
 d - a scroll of teleportation {unknown}
 h - 2 scrolls of identify {unknown}
 k - a scroll of summoning {unknown}
 l - a scroll of noise {unknown}
 o - a scroll of fear {unknown}
 q - a scroll of magic mapping {unknown}
 w - a scroll of enchant armour {unknown}
Potions
 a - 2 potions of invisibility
 i - a potion of lignification
 m - a potion of brilliance {unknown}
 p - a potion of resistance
 t - a potion of attraction {unknown}
 u - a potion of might {unknown}
 v - a potion of curing {unknown}


   Skills:
 + Level 1.2 Fighting
 + Level 3.5 Dodging
 * Level 5.2 Stealth
 + Level 1.8 Unarmed Combat
 - Level 2.0 Spellcasting
 * Level 5.8 Hexes


You had 4 spell levels left.
You knew the following spells:

 Your Spells              Type           Power      Damage    Failure   Level
a - Ensorcelled Hibernat  Hex/Ice        24%        N/A       9%          2

Your spell library contained the following spells:

 Spells                   Type           Power      Damage    Failure   Level
 Confusing Touch          Hex            22%        N/A       4%          3
 Tukima's Dance           Hex            22%        N/A       4%          3
 Dazzling Flash           Conj/Hex       24%        N/A       16%         3
 Sandblast                Erth           2%         2d4       19%         1
 Passwall                 Tmut/Erth      0%         N/A       26%         2
 Stone Arrow              Conj/Erth      2%         3d7       47%         3


Dungeon Overview and Level Annotations

Branches:
Dungeon (3/15)

Altars:
Elyvilon
Zin
Ignis

Annotations:
D:3 2 transporters


Innate Abilities, Weirdness & Mutations

You have sharp claws.
You have razor-sharp teeth.
You have supernaturally acute eyesight. (SInv)
You cover ground quickly. (Speed+)
You are covered in fur. (AC +1)
Your paws help you pounce on unaware monsters.
You are incapable of wielding weapons or throwing items.
You cannot wear armour.
You gain extra lives every three experience levels.


Message History

The hobgoblin hits you.
You closely miss the hobgoblin.
You bite the hobgoblin, but do no damage.
The hobgoblin is almost dead.
The hobgoblin misses you.
You scratch the hobgoblin but do no damage.
You bite the hobgoblin.
You kill the hobgoblin!
No target in view!
There is an open door here.
The orc wizard shouts!
The orc priest shouts!
The orc priest shouts!
Casting: Ensorcelled Hibernation (safe; 9% risk of failure)
Confirm with . or Enter, or press ? or * to list all spells.
Aiming: Ensorcelled Hibernation (safe; 9% risk of failure)
Press: ? - help, Shift-Dir - straight line, f - orc priest
Aim: an orc priest, wielding a +0 dagger and wearing a +0 chain mail (chance to affect: 46%)
The orc priest resists with some effort.
The orc wizard shouts!
The orc priest calls upon Beogh to heal the orc wizard.
The orc wizard is healed somewhat.
The orc priest mumbles some strange prayers to Beogh against you.
Beogh smites you!
Ouch! That really hurt!
* * * LOW HITPOINT WARNING * * *
You are too injured to fight recklessly!
Casting: Ensorcelled Hibernation (safe; 9% risk of failure)
Confirm with . or Enter, or press ? or * to list all spells.
Aiming: Ensorcelled Hibernation (safe; 9% risk of failure)
Press: ? - help, Shift-Dir - straight line, f/p - orc priest
Aim: an orc priest, wielding a +0 dagger and wearing a +0 chain mail (chance to affect: 46%)
The orc priest looks drowsy...
The orc wizard gestures at you while chanting.
You are confused.
The orc priest shouts!
The orc wizard casts a spell.
The orc wizard flickers and vanishes for a moment.
The orc wizard hits you with the +10 short sword "Ybuonaorr" {spect, rN+ Will+ Str+2}!
Ouch! That really hurt!
You die...

#.#'###'#.##.###............#
#.#.†.†.#.##......####.......
#.#.###.#.#####..^..##<##....
#.#.....#.#####.....##.######
#.+.._..'.##...........#
###.....#.##........####
#.###.#.....oo......#######
#.....#...oo...............
#'###'#.##@.o..<# #####
#..##...##......# #
##.####.........# #
#.......#..##### #
#####......... # #...#..####
# ####...# # .#.# # .#... #


You could see 2 orc priests, 2 orc wizards and an orc.

Vanquished Creatures
  A hound (D:3)
  An adder (D:2)
  2 worms (D:2)
  2 dart slugs
  4 orcs (D:3)
  3 ball pythons
  4 bats
  6 endoplasms (D:1)
  3 giant cockroaches
  5 hobgoblins
  3 quokkas
  2 frilled lizards
  6 goblins
  7 kobolds
  5 rats
54 creatures vanquished.

Vanquished Creatures (others)
  A bat (D:3)
  10 plants (D:1)
11 creatures vanquished.

Grand Total: 65 creatures vanquished

Notes
Turn   | Place    | Note
-------+----------+-------------------------------------------
     0 | D:1      | Lanoc the Felid Enchanter began the quest for the Orb.
     0 | D:1      | Reached XP level 1. HP: 7/7 MP: 4/4
    97 | D:1      | Reached XP level 2. HP: 11/11 MP: 6/6
   190 | D:1      | Learned a level 2 spell: Ensorcelled Hibernation
   281 | D:1      | Found a faded altar of an unknown god.
   293 | D:1      | Prayed at the altar of an unknown god.
   293 | D:1      | Became a worshipper of Ignis, the Dying Flame
   486 | D:1      | Reached skill level 5 in Hexes
   845 | D:1      | Reached XP level 3. HP: 15/15 MP: 7/7
  1728 | D:3      | Found a transporter.
  1738 | D:3      | Found a glowing silver altar of Zin.
  1793 | D:3      | Reached skill level 1 in Fighting
  1793 | D:3      | Reached XP level 4. HP: 19/19 MP: 3/8
  2060 | D:3      | Found a transporter.
  2062 | D:3      | Reached skill level 5 in Stealth
  2270 | D:3      | Identified the +10 short sword "Ybuonaorr" {spect, rN+
                  | Will+ Str+2}
  2280 | D:3      | Found a white marble altar of Elyvilon.
  2309 | D:3      | Slain by an orc
  2310 | D:3      | Reached XP level 3. HP: 0/22 MP: 7/7
  2459 | D:3      | Slain by an orc wizard

Illustrated notes

Levels and vault maps discovered:
D:1:      tarquinn_simple_flora_water_d, layout_basic,
          dilly_ecumenical_altar_fadedgnrine, st_stairs_1,
          minmay_misc_feat_hallway
D:2:      layout_basic
D:3:      gammafunk_wand_slinger, layout_loops_ring, mainiacjoe_overflow_paths,
          mainiacjoe_overflow_six_doors_small

Skill      XL: |  1  2  3  4 |
---------------+-------------+-----
Hexes          | 5 |  5.8
Dodging        | 3 |  3.5
Fighting       | 1 |  1.2
Stealth        | 5 |  5.2
Unarmed Combat | |  1.8
Spellcasting   | |  2.0

Action                   |  1- 3 |  4- 6 || total
-------------------------+-------+-------++-------
Melee: Unarmed           |   144 |    44 ||   188
       Bite              |    13 |     4 ||    17
       Punch             |       |     1 ||     1
 Cast: Ensorcelled Hiber |    24 |    11 ||    35
  Use: Potion            |       |     2 ||     2
 Stab: Sleeping          |    18 |     9 ||    27
Armor: Skin              |     3 |     4 ||     7
Dodge: Dodged            |    91 |    35 ||   126
Block: Other             |    23 |     8 ||    31
       Reflection        |     1 |     1 ||     2

Table legend: (Time is in decaauts)
 A = Elapsed time spent in this place.
 B = Non-inter-level travel time spent in this place.
 C = Inter-level travel time spent in this place.
 D = Time resting spent in this place.
 E = Time spent auto-exploring this place.
 F = Levels seen in this place.
 G = Mean time per level.
                   A        B        C        D        E       F      G
               +--------+--------+--------+--------+--------+-----+--------+
         Total |   2129 |   2046 |     83 |      0 |   1569 |   3 |  709.7 |
       Dungeon |   2129 |   2046 |     83 |      0 |   1569 |   3 |  709.7 |
               +--------+--------+--------+--------+--------+-----+--------+

Top non-repeatable levels by time:
     D:1: 878 daAuts
     D:3: 655 daAuts
     D:2: 596 daAuts
